TOP OF THE 1ST |
Corpus Christi Hooks batting - Pitching for Frisco RoughRiders : RHP Jeff Kidd
|
Pitching: RHP Jeff Kidd
|
|
Batting: RHB Ben Hoffman
|
0-0: Swinging Strike 0-1: Foul Ball, location: 2F 0-2: Ball 1-2: Ball 2-2: SINGLE (Line Drive, 56D, EV 100.6 MPH)
|
Batting: RHB Mark Cahill
|
0-0: Ball 1-0: Called Strike 1-1: Ball Ben Hoffman is caught stealing 2nd base 2-4 2-1: Foul Ball, location: 2F 2-2: Strikes out swinging
|
Batting: LHB Josh Birkner
|
0-0: Called Strike 0-1: Called Strike 0-2: Ball 1-2: Strikes out swinging
|
Top of the 1st over - 0 runs, 1 hit, 0 errors, 0 left on base; Corpus Christi 0 - Frisco 0 |
BOTTOM OF THE 1ST |
Frisco RoughRiders batting - Pitching for Corpus Christi Hooks : RHP Manny Bonilla
|
Pitching: RHP Manny Bonilla
|
|
Batting: LHB Pauli Gassinger
|
0-0: Called Strike 0-1: Ball 1-1: Ball 2-1: Fly out, F3 (Popup, 34S, EV 71.2 MPH)
|
Batting: LHB Alfonso Collazo
|
0-0: Foul Ball, location: 3F, Error on foul ball, E3 0-1: Ball 1-1: Ball 2-1: Called Strike 2-2: Ball 3-2: Base on Balls
|
Batting: RHB Sean Neuroth
|
0-0: Ball 1-0: Called Strike 1-1: Called Strike 1-2: Strikes out swinging
|
Batting: RHB Danny Murillo
|
0-0: Called Strike 0-1: Swinging Strike 0-2: Strikes out swinging
|
Bottom of the 1st over - 0 runs, 0 hits, 1 error, 1 left on base; Corpus Christi 0 - Frisco 0 |
TOP OF THE 2ND |
Corpus Christi Hooks batting - Pitching for Frisco RoughRiders : RHP Jeff Kidd
|
Batting: RHB Marty King
|
0-0: Ball 1-0: Called Strike 1-1: Fly out, F9 (Flyball, 9D, EV 88.8 MPH)
|
Batting: RHB Ramon Castellon
|
0-0: Foul Ball, location: 2F 0-1: Ball 1-1: Ball 2-1: Foul Ball, location: 2F 2-2: Ball 3-2: Base on Balls
|
Batting: RHB Bruce Bermudez
|
0-0: Foul Ball, location: 2F 0-1: Called Strike 0-2: Fly out, F8 (Flyball, 8RM, EV 91.9 MPH)
|
Batting: LHB John Wagner
|
0-0: Ball 1-0: Called Strike 1-1: Ball 2-1: Ball 3-1: Called Strike 3-2: Strikes out swinging
|
Top of the 2nd over - 0 runs, 0 hits, 0 errors, 1 left on base; Corpus Christi 0 - Frisco 0 |
BOTTOM OF THE 2ND |
Frisco RoughRiders batting - Pitching for Corpus Christi Hooks : RHP Manny Bonilla
|
Batting: LHB Yat-sen Zhu
|
0-0: Called Strike 0-1: Ball 1-1: Fly out, F5 (Popup, 5SF, EV 73.8 MPH)
|
Batting: RHB Josh Ferguson
|
0-0: Ball 1-0: Fly out, F7 (Flyball, 7D, EV 99.4 MPH)
|
Batting: RHB Joe Kemp
|
0-0: Ground out 5-3 (Groundball, 56S, EV 68.1 MPH)
|
Bottom of the 2nd over - 0 runs, 0 hits, 0 errors, 0 left on base; Corpus Christi 0 - Frisco 0 |
TOP OF THE 3RD |
Corpus Christi Hooks batting - Pitching for Frisco RoughRiders : RHP Jeff Kidd
|
Batting: RHB Masaru Konno
|
0-0: Reached on error, E6 (Groundball, 6, EV 84.4 MPH)
|
Batting: RHB Alex Campos
|
0-0: Fly out, F8 (Flyball, 89XD, EV 98.1 MPH)
|
Batting: RHB Ben Hoffman
|
0-0: Ball 1-0: Foul Ball, location: 2F 1-1: Ball 2-1: Foul Ball, location: 2F 2-2: Strikes out looking
|
Batting: RHB Mark Cahill
|
0-0: Ball Masaru Konno is caught stealing 2nd base 2-4
|
Top of the 3rd over - 0 runs, 0 hits, 1 error, 0 left on base; Corpus Christi 0 - Frisco 0 |
BOTTOM OF THE 3RD |
Frisco RoughRiders batting - Pitching for Corpus Christi Hooks : RHP Manny Bonilla
|
Batting: RHB Jose Pineda
|
0-0: Called Strike 0-1: Ball 1-1: Swinging Strike 1-2: Strikes out looking
|
Batting: SHB Brace Harper
|
0-0: Ball 1-0: Swinging Strike 1-1: Swinging Strike 1-2: Ball 2-2: Strikes out swinging
|
Batting: LHB Pauli Gassinger
|
0-0: Swinging Strike 0-1: Ground out 4-3 (Groundball, 34D, EV 97.5 MPH)
|
Bottom of the 3rd over - 0 runs, 0 hits, 0 errors, 0 left on base; Corpus Christi 0 - Frisco 0 |
TOP OF THE 4TH |
Corpus Christi Hooks batting - Pitching for Frisco RoughRiders : RHP Jeff Kidd
|
Batting: RHB Mark Cahill
|
0-0: Ground out 6-3 (Groundball, 4M, EV 78.8 MPH)
|
Batting: LHB Josh Birkner
|
0-0: Foul Ball, location: 2F 0-1: Foul Ball, location: 2F 0-2: Ball 1-2: Ball 2-2: Ball 3-2: Fly out, F9 (Flyball, 89S, EV 96.2 MPH)
|
Batting: RHB Marty King
|
0-0: Ball 1-0: Ball 2-0: Called Strike 2-1: Ball 3-1: Fly out, F9 (Flyball, 9S, EV 88.1 MPH)
|
Top of the 4th over - 0 runs, 0 hits, 0 errors, 0 left on base; Corpus Christi 0 - Frisco 0 |
BOTTOM OF THE 4TH |
Frisco RoughRiders batting - Pitching for Corpus Christi Hooks : RHP Manny Bonilla
|
Batting: LHB Alfonso Collazo
|
0-0: Foul Ball, location: 2F 0-1: Called Strike 0-2: Strikes out looking
|
Batting: RHB Sean Neuroth
|
0-0: Ball 1-0: Ball 2-0: Fly out, F8 (Line Drive, 8RM, EV 91.9 MPH)
|
Batting: RHB Danny Murillo
|
0-0: Ball 1-0: Ball 2-0: DOUBLE (Line Drive, 89D, EV 111.2 MPH)
|
Batting: LHB Yat-sen Zhu
|
0-0: Ball 1-0: Ball 2-0: Ball 3-0: Base on Balls
|
Batting: RHB Josh Ferguson
|
0-0: Called Strike 0-1: Fielders Choice at 2nd, 6-4 (Groundball, 56, EV 84.4 MPH)
|
Bottom of the 4th over - 0 runs, 1 hit, 0 errors, 2 left on base; Corpus Christi 0 - Frisco 0 |
TOP OF THE 5TH |
Corpus Christi Hooks batting - Pitching for Frisco RoughRiders : RHP Jeff Kidd
|
Batting: RHB Ramon Castellon
|
0-0: Ball 1-0: Ball 2-0: Foul Ball, location: 2F 2-1: Ground out 5-3 (Groundball, 56, EV 80.0 MPH)
|
Batting: RHB Bruce Bermudez
|
0-0: Ball 1-0: Foul Ball, location: 2F 1-1: Ground out 5-3 (Groundball, 56, EV 85.0 MPH)
|
Batting: LHB John Wagner
|
0-0: Called Strike 0-1: Ball 1-1: Ball 2-1: Ball 3-1: Fly out, F8 (Flyball, 8LD, EV 85.0 MPH)
|
Top of the 5th over - 0 runs, 0 hits, 0 errors, 0 left on base; Corpus Christi 0 - Frisco 0 |
BOTTOM OF THE 5TH |
Frisco RoughRiders batting - Pitching for Corpus Christi Hooks : RHP Manny Bonilla
|
Batting: RHB Joe Kemp
|
0-0: Foul Ball, location: 2F 0-1: Ground out 6-3 (Groundball, 6M, EV 83.1 MPH)
|
Batting: RHB Jose Pineda
|
0-0: Ground out 6-3 (Groundball, 6M, EV 88.1 MPH)
|
Batting: SHB Brace Harper
|
0-0: Called Strike 0-1: Called Strike 0-2: Ball 1-2: Ball 2-2: Ball 3-2: Base on Balls
|
Batting: LHB Pauli Gassinger
|
0-0: Ball Brace Harper steals 2nd base 1-0: Ball 2-0: Ball 3-0: Base on Balls
|
Batting: LHB Alfonso Collazo
|
0-0: Ball 1-0: Foul Ball, location: 2F 1-1: SINGLE (Groundball, 13S, EV 66.2 MPH) (infield hit) Brace Harper to third Pauli Gassinger to second
|
Batting: RHB Sean Neuroth
|
0-0: Called Strike 0-1: Swinging Strike 0-2: Strikes out looking
|
Bottom of the 5th over - 0 runs, 1 hit, 0 errors, 3 left on base; Corpus Christi 0 - Frisco 0 |
TOP OF THE 6TH |
Corpus Christi Hooks batting - Pitching for Frisco RoughRiders : RHP Jeff Kidd
|
Batting: RHB Masaru Konno
|
0-0: Foul Ball, location: 2F 0-1: Ball 1-1: Ball 2-1: SINGLE (Groundball, 56D, EV 95.6 MPH)
|
Batting: RHB Alex Campos
|
0-0: Swinging Strike 0-1: Ball 1-1: Called Strike 1-2: Ball 2-2: Ball 3-2: Foul Ball, location: 2F 3-2: Ground out 5-3 (Groundball, 56, EV 86.9 MPH) Masaru Konno to second
|
Batting: RHB Ben Hoffman
|
0-0: Ball 1-0: Foul Ball, location: 2F 1-1: Ball 2-1: Ball 3-1: Ground out U3 (Groundball, 13, EV 91.9 MPH) Masaru Konno to third
|
Batting: RHB Mark Cahill
|
0-0: Foul Ball, location: 2F 0-1: Ball 1-1: Ball 2-1: Ground out 3-1 (Groundball, 34, EV 90.0 MPH)
|
Top of the 6th over - 0 runs, 1 hit, 0 errors, 1 left on base; Corpus Christi 0 - Frisco 0 |
BOTTOM OF THE 6TH |
Frisco RoughRiders batting - Pitching for Corpus Christi Hooks : RHP Manny Bonilla
|
Batting: RHB Danny Murillo
|
0-0: Foul Ball, location: 2F 0-1: Swinging Strike 0-2: Ball 1-2: Foul Ball, location: 2F 1-2: TRIPLE (Flyball, 89XD, EV 107.5 MPH)
|
Batting: LHB Yat-sen Zhu
|
0-0: Ball 1-0: Ball 2-0: Ball 3-0: Called Strike 3-1: Base on Balls
|
Batting: RHB Josh Ferguson
|
0-0: Ball 1-0: Called Strike 1-1: Foul Ball, location: 2F 1-2: Ball 2-2: Foul Ball, location: 2F 2-2: SINGLE (Line Drive, 89M, EV 104.4 MPH) Danny Murillo scores Yat-sen Zhu to second
|
Batting: RHB Joe Kemp
|
0-0: Foul Ball, location: 2F 0-1: SINGLE (Groundball, 56D, EV 98.8 MPH) Yat-sen Zhu to third Josh Ferguson to second Runner from 3rd tries for Home, SAFE, throw by LF to home
|
Batting: RHB Jose Pineda
|
0-0: Called Strike 0-1: Ball 1-1: DOUBLE (Line Drive, 9LM, EV 103.1 MPH) Josh Ferguson scores Joe Kemp to third
|
Pitching: LHP Blaine Whitmore
|
|
Batting: SHB Brace Harper
|
0-0: Foul Ball, location: 2F 0-1: 3-RUN HOME RUN (Flyball, 7D, EV 99.4 MPH), Distance : 390 ft
|
Batting: LHB Pauli Gassinger
|
0-0: Ball 1-0: Fly out, F8 (Flyball, 8LM, EV 86.9 MPH)
|
Batting: LHB Alfonso Collazo
|
0-0: Foul Ball, location: 2F 0-1: Foul Ball, location: 2F 0-2: Ball 1-2: Ground out U3 (Groundball, 34S, EV 87.5 MPH)
|
Batting: RHB Sean Neuroth
|
0-0: Foul Ball, location: 2F 0-1: Called Strike 0-2: Strikes out swinging
|
Bottom of the 6th over - 6 runs, 5 hits, 0 errors, 0 left on base; Corpus Christi 0 - Frisco 6 |
TOP OF THE 7TH |
Corpus Christi Hooks batting - Pitching for Frisco RoughRiders : RHP Jeff Kidd
|
Batting: LHB Josh Birkner
|
0-0: Fly out, F8 (Flyball, 8LM, EV 98.1 MPH)
|
Batting: RHB Marty King
|
0-0: Ball 1-0: Ball 2-0: Swinging Strike 2-1: Swinging Strike 2-2: Ball 3-2: SINGLE (Line Drive, 8LS, EV 106.9 MPH)
|
Batting: RHB Ramon Castellon
|
0-0: Called Strike 0-1: Swinging Strike 0-2: Strikes out swinging
|
Batting: RHB Bruce Bermudez
|
0-0: Ball 1-0: Foul Ball, location: 2F 1-1: SINGLE (Flyball, 6D, EV 89.4 MPH) Marty King to second
|
Batting: LHB John Wagner
|
0-0: Called Strike 0-1: Ball 1-1: Ball 2-1: Swinging Strike 2-2: Strikes out swinging
|
Top of the 7th over - 0 runs, 2 hits, 0 errors, 2 left on base; Corpus Christi 0 - Frisco 6 |
BOTTOM OF THE 7TH |
Frisco RoughRiders batting - Pitching for Corpus Christi Hooks : LHP Blaine Whitmore
|
Batting: RHB Danny Murillo
|
0-0: Called Strike 0-1: Foul Ball, location: 2F 0-2: Ball 1-2: Foul Ball, location: 2F 1-2: Ball 2-2: Foul Ball, location: 2F 2-2: Strikes out swinging
|
Batting: LHB Yat-sen Zhu
|
0-0: Called Strike 0-1: Ball 1-1: Ball 2-1: Ball 3-1: Ground out 4-3 (Groundball, 4, EV 105.0 MPH)
|
Batting: RHB Josh Ferguson
|
0-0: Ground out 6-3 (Groundball, 4MS, EV 63.1 MPH)
|
Bottom of the 7th over - 0 runs, 0 hits, 0 errors, 0 left on base; Corpus Christi 0 - Frisco 6 |
TOP OF THE 8TH |
Corpus Christi Hooks batting - Pitching for Frisco RoughRiders : RHP Jeff Kidd
|
Batting: RHB Masaru Konno
|
0-0: Called Strike 0-1: SOLO HOME RUN (Flyball, 7LD, EV 96.9 MPH), Distance : 373 ft
|
Batting: RHB Alex Campos
|
0-0: Foul Ball, location: 2F 0-1: Ground out 1-3 (Groundball, 13S, EV 68.8 MPH)
|
Batting: RHB Ben Hoffman
|
0-0: Called Strike 0-1: Called Strike 0-2: Foul Ball, location: 2F 0-2: Ball 1-2: Strikes out looking
|
Batting: RHB Mark Cahill
|
0-0: Ground out 5-3 (Groundball, 56, EV 88.1 MPH)
|
Top of the 8th over - 1 run, 1 hit, 0 errors, 0 left on base; Corpus Christi 1 - Frisco 6 |
BOTTOM OF THE 8TH |
Frisco RoughRiders batting - Pitching for Corpus Christi Hooks : LHP Blaine Whitmore
|
Batting: RHB Joe Kemp
|
0-0: Ball 1-0: Ball 2-0: Ball 3-0: Called Strike 3-1: SINGLE (Flyball, 8LS, EV 95.0 MPH)
|
Batting: RHB Jose Pineda
|
0-0: Called Strike Joe Kemp is caught stealing 2nd base 2-4 0-1: Swinging Strike 0-2: DOUBLE (Flyball, 89D, EV 99.4 MPH)
|
Batting: SHB Brace Harper
|
0-0: Ball Jose Pineda steals 3rd base 1-0: Called Strike 1-1: Ball 2-1: Ball 3-1: Foul Ball, location: 2F 3-2: Base on Balls
|
Batting: LHB Pauli Gassinger
|
0-0: Ball 1-0: Called Strike 1-1: Ball Brace Harper steals 2nd base 2-1: Called Strike 2-2: Ground out 5-3 (Groundball, 5, EV 80.0 MPH)
|
Pitching: RHP Tommy Cunningham
|
|
Batting: LHB Alfonso Collazo
|
0-0: Ball 1-0: Swinging Strike 1-1: Ground out 4-3 (Groundball, 34D, EV 105.0 MPH)
|
Bottom of the 8th over - 0 runs, 2 hits, 0 errors, 2 left on base; Corpus Christi 1 - Frisco 6 |
TOP OF THE 9TH |
Corpus Christi Hooks batting - Pitching for Frisco RoughRiders : RHP Jeff Kidd
|
Batting: LHB Josh Birkner
|
0-0: Ball 1-0: Called Strike 1-1: Ball 2-1: Called Strike 2-2: Foul Ball, location: 2F 2-2: Ball 3-2: Strikes out looking
|
Batting: RHB Marty King
|
0-0: Ball 1-0: Called Strike 1-1: Fly out, F8 (Flyball, 8LD, EV 105.6 MPH)
|
Batting: RHB Ramon Castellon
|
0-0: Fly out, F9 (Flyball, 9D, EV 91.9 MPH)
|
Top of the 9th over - 0 runs, 0 hits, 0 errors, 0 left on base; Corpus Christi 1 - Frisco 6 |
|